 Dungeon Crawl Stone Soup version bcrawl-1.36.4 (webtiles) character file.

Game seed: 17372961418046522846

161818 Darthill6464 the Magician (level 6, -2/37 HPs)
             Began as a Skeleton Skald on Aug 10, 2022.
             Slain by a sky beast (4 damage)
             ... on level 4 of the Dungeon.
             The game lasted 00:06:41 (3733 turns).

Darthill6464 the Magician (Skeleton Skald)          Turns: 3733, Time: 00:06:42

Health: -2/37      AC:  4    Str: 19 (20) XL:     6   Next: 39%
Magic:  0/13       EV: 12    Int: 11      God:
Gold:   268        SH:  0    Dex:  7 (8)  Spells: 9/15 levels left

rFire    . . .     SeeInvis .   a - +0 trident
rCold    + . .     Gourm    .   (no shield)
rNeg     + + +     Faith    .   b - +0 leather armour
rPois    ∞         Spirit   +   (no helmet)
rElec    .         Reflect  .   (no cloak)
rCorr    .                      (no gloves)
MR       .....                  h - +0 pair of boots
Stlth    +.........             d - amulet of magic regeneration
HPRegen  0.12/turn              (no ring)
MPRegen  0.27/turn              (no ring)

@: no status effects
A: no food or potions, cold resistance 1, deterioration 1, negative energy
resistance 3, powered by death 1, torment resistance, unbreathing, magic shield,
sturdy frame 1, spell healing
a: no special abilities


You were on level 4 of the Dungeon.
You were not hungry.

You visited 1 branch of the dungeon, and saw 4 of its levels.

You collected 268 gold pieces.

Inventory:

Hand Weapons
 a - a +0 trident (weapon)
Armour
 b - a +0 leather armour (worn)
 h - a +0 pair of boots (worn)
Jewellery
 d - an amulet of magic regeneration (around neck)
Scrolls
 c - a scroll of fog {unknown}
 f - 2 scrolls of immolation
 g - 4 scrolls of remove curse
 i - 2 scrolls of identify
 j - 3 scrolls of teleportation {unknown}


   Skills:
 + Level 3.4 Fighting
 + Level 4.7 Polearms
 + Level 1.1 Armour
 + Level 2.5 Dodging
 + Level 0.8 Stealth
 + Level 5.0 Spellcasting
 + Level 0.2 Hexes
 + Level 4.7 Charms


You had 9 spell levels left.
You knew the following spells:

 Your Spells              Type           Power        Failure   Level  Hunger
a - Infusion              Chrm           ##......     3%          1    N/A
b - Song of Slaying       Chrm           ##......     4%          2    N/A
c - Spectral Weapon       Hex/Chrm       #.......     24%         3    N/A

Your spell library contained the following spells:

 Spells                   Type           Power        Failure   Level  Hunger
 Swiftness                Chrm/Air       #.......     13%         2    N/A
 Ozocubu's Armour         Chrm/Ice       #.......     26%         3    N/A
 Regeneration             Chrm/Necr      Unusable     N/A         3    N/A

Dungeon Overview and Level Annotations

Branches:
Dungeon (4/12)
 Temple: D:4-7

Altars:
Fedhas
Lugonu
Vehumet


Innate Abilities, Weirdness & Mutations

You do not eat or drink.
You are immune to poison.
Your flesh is cold resistant. (rC+)
Your body sometimes deteriorates upon taking damage.
You are immune to negative energy. (rN+++)
You regenerate a little health from kills.
You are immune to unholy pain and torment.
You can survive without breathing.
When hurt, damage is shared between your health and your magic reserves.
Your movements are slightly less encumbered by armour. (ER -2)
Casting spells heals you.


Message History

Something hits you. Something shocks you.
* * * LOW HITPOINT WARNING * * *
You barely miss something. Something hits you but does no damage.
Something barely misses you.
You puncture something!
A sky beast appears from thin air!
Reactivating autopickup.
The sky beast barely misses you.
You barely miss the sky beast.
The sky beast is severely wounded.
The sky beast flickers out of sight!
Deactivating autopickup; reactivate with Ctrl-A.
Something hits you.
* * * LOW HITPOINT WARNING * * *
Something shocks you.
* * * LOW HITPOINT WARNING * * *
You miss something. Something hits you but does no damage.
You miss something. Something hits you.
* * * LOW HITPOINT WARNING * * *
Something shocks you.
You die...

#...#######...
##[.##........
###.##.........
#..............
###............
#####........
##..........
#########...........
###.(@.............(..
#....§{...............
###..≈................
#.§.................
###.......##)....##.
#####...##########
#..## . #### ####.
##....


There were no monsters in sight!

Vanquished Creatures
  A howler monkey (D:4)
  An orc priest (D:3)
  A crimson imp (D:3)
  A bullfrog skeleton (D:2)
  2 iguanas (D:4)
  A gnoll (D:3)
  6 adders
  An ooze (D:2)
  2 adder skeletons
  4 worms
  3 dart slugs
  4 leopard geckos
  5 orcs (D:3)
  A giant cockroach (D:1)
  4 goblins
  12 hobgoblins
  8 jackals
  9 kobolds
  3 quokkas (D:3)
  2 ball pythons (D:2)
  4 bats
  A frilled lizard (D:3)
  2 rats
78 creatures vanquished.

Notes
Turn   | Place    | Note
-------+----------+-------------------------------------------
     0 | D:1      | Darthill6464 the Skeleton Skald began the quest for the
                  | Orb.
     0 | D:1      | Reached XP level 1. HP: 12/12 MP: 4/4
   192 | D:1      | Reached XP level 2. HP: 10/17 MP: 1/6
   195 | D:1      | Learned a level 2 spell: Song of Slaying
  1262 | D:2      | Reached XP level 3. HP: 18/21 MP: 2/7
  1365 | D:2      | Found a blossoming altar of Fedhas.
  1366 | D:2      | Found a radiant altar of Vehumet.
  1519 | D:2      | Reached XP level 4. HP: 11/27 MP: 0/9
  1739 | D:2      | Reached skill level 4 in Spellcasting
  2445 | D:3      | Reached XP level 5. HP: 29/32 MP: 6/11
  2669 | D:3      | Learned a level 3 spell: Spectral Weapon
  3129 | D:3      | Gained mutation: You regenerate a little health from kills.
                  | [Skeleton growth]
  3129 | D:3      | Reached XP level 6. HP: 34/37 MP: 5/13
  3412 | D:4      | Reached skill level 5 in Spellcasting
  3463 | D:4      | Noticed a sky beast
  3616 | D:4      | Found a corrupted altar of Lugonu.
  3733 | D:4      | Slain by a sky beast

Skill      XL: |  1  2  3  4  5  6 |
---------------+-------------------+-----
Polearms       | 3 4 |  4.7
Spellcasting   | 4 5 |  5.0
Fighting       | 3 |  3.4
Charms         | 4 |  4.7
Armour         | |  1.1
Dodging        | |  2.5
Stealth        | |  0.8
Hexes          | |  0.2

Action                   |  1- 3 |  4- 6 || total
-------------------------+-------+-------++-------
Melee: Trident           |   130 |   164 ||   294
 Cast: Infusion          |     7 |    17 ||    24
       Song of Slaying   |     9 |    23 ||    32
       Spectral Weapon   |       |    12 ||    12
  Use: Scroll            |       |     4 ||     4
Armor: Leather armour    |    41 |    34 ||    75
Dodge: Dodged            |   103 |    88 ||   191
Block: Other             |    10 |    21 ||    31
